 Dungeon Crawl Stone Soup version 0.16-a0-3940-gf8a207b (webtiles) character file.

420 timbw the Slasher (level 7, -2/50 HPs)
             Began as a Human Gladiator on Feb 7, 2015.
             Killed by nerve-wracking pain
             ... invoked by Grinder
              (10 damage)
             ... on level 5 of the Dungeon.
             The game lasted 00:07:12 (1630 turns).

timbw the Slasher (Human Gladiator)                 Turns: 1630, Time: 00:07:12

Health: -2/50      AC:  9    Str: 15    XL:     7   Next: 16%
Magic:  7/7        EV: 11    Int:  9    God:
Gold:   112        SH:  5    Dex: 15    Spells: 0 memorised, 6 levels left

rFire  + . .     SeeInvis +     B - +0 falchion (vamp)
rCold  . . .     Clarity  .     l - +3 ring mail "Smaihas" {rElec rPois+ rF+}
rNeg   . . .     SustAb   .     x - +2 buckler
rPois  +         Gourm    .     c - +0 helmet
rElec  +         Spirit   .     (no cloak)
rCorr  .         Warding  .     (no gloves)
rMut   .         Stasis   .     (no boots)
MR     .....                    j - amulet of rage
Stlth  +.........               y - ring of poison resistance
                                D - ring of see invisible

@: not resistant to hostile enchantments, very unstealthy
A: no striking features
a: Evoke Berserk Rage


You were on level 5 of the Dungeon.
You were not hungry.

You visited 1 branch of the dungeon, and saw 5 of its levels.

You collected 148 gold pieces.
You spent 36 gold pieces at shops.

Inventory:

Hand weapons
 a - a +0 long sword
 B - a +0 vampiric falchion (weapon)
 C - a +0 scimitar
Missiles
 d - 3 throwing nets (quivered)
 n - 2 stones
Armour
 b - a +0 leather armour
 c - a +0 helmet (worn)
 e - a +0 chain mail
 l - the +3 ring mail "Smaihas" (worn) {rElec rPois+ rF+}
   (You found it on level 4 of the Dungeon)

   It protects you from fire.
   It insulates you from electricity.
   It protects you from poison.
 x - a +2 buckler (worn)
Jewellery
 j - an amulet of rage (around neck)
 s - an uncursed ring of stealth
 y - a ring of poison resistance (right hand)
 D - a ring of see invisible (left hand)
Magical devices
 k - a wand of hasting (6)
Scrolls
 g - a scroll of fear {unknown}
 h - 4 scrolls of teleportation {unknown}
 i - 3 scrolls of remove curse {unknown}
 m - 2 scrolls of enchant armour {unknown}
 o - 2 scrolls of identify {unknown}
 v - a scroll of noise {unknown}
 w - 3 scrolls of immolation {unknown}
Potions
 p - 2 potions of poison {unknown}
 q - 2 potions of cancellation {unknown}
 r - 3 potions of curing
 t - a potion of heal wounds {unknown}
 u - a potion of might {unknown}
Comestibles
 f - 2 bread rations
 A - 2 meat rations


   Skills:
 - Level 2.0 Fighting
 + Level 7.6 Long Blades
 - Level 2.0 Throwing
 - Level 3.0 Dodging


You had 6 spell levels left.
You didn't know any spells.

Dungeon Overview and Level Annotations

Branches:
Dungeon (5/15)
 Temple: D:4-7

Altars:
Cheibriados
Gozag
Yredelemnul
Zin

Shops:
D:4 !

Annotations:
D:5 Grinder


Message History

The shadow imp is almost dead.
The shadow imp closely misses you.
You barely miss the shadow imp.
The shadow imp is almost dead.
The shadow imp gestures at you. Pain shoots through your body!
* * * LOW HITPOINT WARNING * * *
You block the gnoll's attack.
You slash the shadow imp!
You kill the shadow imp!
The gnoll barely misses you.
Grinder gestures.
Grinder blinks!
The gnoll hits you with a spear.
* * * LOW HITPOINT WARNING * * *
Unknown command.
Grinder hits you.
* * * LOW HITPOINT WARNING * * *
Grinder gestures at you. Pain shoots through your body!
You die...

..#...#.. ..#. #.#.. . 8...8... .
#..###..##. .. ...# ...
#......... .###.###.... #.#.#g..#
..#...#..... #.##g#..###
8...8...8.... #g..g§...5#
......#......# #g####..#.## ###
...#.#####...#####g##.......#....
........<.......@...#.........%..
##...............5..#.....>..$$..
##..................#..5....#....
##.#.###.#...#.###.##.......# ...
.....# .#...#.###.##.......### #
#...## #....................#
#..## # #....###'###.#.......#
#.## #.#....# #.# #....####.# ..#
#.>....###.###....#.....


You could see Grinder and a gnoll.

Vanquished Creatures
  An ogre (D:4)
  Sigmund (D:4)
  A crimson imp (D:5)
  A jelly (D:5)
  Natasha (twice) (D:4)
  2 orc wizards
  An adder (D:2)
  4 gnolls (D:2)
  A shadow imp (D:5)
  A giant mite (D:5)
  2 oozes
  15 orcs
  A ball python (D:3)
  2 giant cockroaches
  3 goblins
  3 hobgoblins
  3 kobolds
  A quokka (D:5)
  3 bats
  2 rats (D:4)
50 creatures vanquished.

Notes
Turn   | Place    | Note
--------------------------------------------------------------
     0 | D:1      | timbw, the Human Gladiator, began the quest for the Orb.
     0 | D:1      | Reached XP level 1. HP: 16/16 MP: 1/1
   127 | D:2      | Reached XP level 2. HP: 5/22 MP: 2/2
   354 | D:2      | Reached skill level 4 in Long Blades
   354 | D:2      | Reached XP level 3. HP: 8/27 MP: 3/3
   515 | D:2      | Reached XP level 4. HP: 23/33 MP: 4/4
   713 | D:3      | Reached skill level 5 in Long Blades
   781 | D:4      | Noticed an ogre
   792 | D:4      | Killed an ogre
   792 | D:4      | Reached XP level 5. HP: 38/38 MP: 5/5
   835 | D:4      | Reached skill level 6 in Long Blades
   935 | D:4      | Reached XP level 6. HP: 44/44 MP: 6/6
   974 | D:4      | Noticed Sigmund
   984 | D:4      | Killed Sigmund
  1005 | D:4      | Got a heavily runed ring mail
  1016 | D:4      | Identified the +3 ring mail "Smaihas" {rElec rPois+ rF+} (You found it on level 4 of the Dungeon)
  1031 | D:4      | Noticed Natasha
  1045 | D:4      | Killed Natasha
  1088 | D:4      | Found a glowing silver altar of Zin.
  1089 | D:4      | Found an opulent altar of Gozag.
  1182 | D:4      | Found Efeurghij's Distillery.
  1191 | D:4      | Bought a potion of curing for 36 gold pieces
  1235 | D:4      | Noticed Natasha
  1254 | D:4      | Killed Natasha
  1369 | D:5      | Entered Level 5 of the Dungeon
  1396 | D:5      | Reached skill level 7 in Long Blades
  1439 | D:5      | Reached XP level 7. HP: 47/50 MP: 7/7
  1562 | D:5      | Found a basalt altar of Yredelemnul.
  1609 | D:5      | Noticed Grinder
  1615 | D:5      | Found a snail-covered altar of Cheibriados.
  1630 | D:5      | Killed from afar by Grinder

Action                   |  1- 3 |  4- 6 |  7- 9 || total
-------------------------+-------+-------+-------++-------
Melee: Long sword        |    49 |   125 |     9 ||   183
       Falchion          |       |       |    56 ||    56
Throw: Throwing net      |     2 |       |       ||     2
 Abil: Evoke Berserk Rag |     1 |     2 |       ||     3
  Use: Potion            |     5 |       |       ||     5
 Stab: Invisible         |     1 |       |       ||     1
       Held in net/web   |     1 |       |       ||     1
  Eat: Chunk             |       |     4 |     1 ||     5
       Bread ration      |       |       |     1 ||     1
